 Dungeon Crawl Stone Soup version 0.19.0-2-gae57169 (webtiles) character file.

1748 lorenzova the Thaumaturge (level 8, -5/41 HPs)
             Began as a Deep Elf Conjurer on Nov 5, 2016.
             Was an Initiate of Vehumet.
             Slain by a bullfrog (6 damage)
             ... on level 7 of the Dungeon.
             The game lasted 00:15:01 (8889 turns).

lorenzova the Thaumaturge (Deep Elf Conjurer)       Turns: 8889, Time: 00:15:02

Health: -5/41      AC:  3    Str:  5    XL:     8   Next: 78%
Magic:  1/24       EV: 13    Int: 23    God:    Vehumet [......]
Gold:   495        SH:  0    Dex: 15    Spells: 3 memorised, 17 levels left

rFire  + . .     SeeInvis .     N - staff of conjuration
rCold  . . .     Gourm    .     a - +0 robe
rNeg   . . .     Faith    .     (no shield)
rPois  .         Spirit   .     (no helmet)
rElec  .         Reflect  .     (no cloak)
rCorr  .         Harm     .     (no gloves)
MR     +....                    A - +0 pair of boots
Stlth  ++........               y - amulet of regeneration
                                M - ring of protection from fire
                                n - ring of protection from magic

@: lethally poisoned (-5 -> -6), marked
A: no striking features
a: Renounce Religion


You were on level 7 of the Dungeon.
You worshipped Vehumet.
Vehumet was noncommittal.
You were hungry.

You visited 2 branches of the dungeon, and saw 8 of its levels.

You collected 495 gold pieces.

Inventory:

Hand Weapons
 f - a +2 mace of holy wrath
 v - a +2 short sword of venom
 H - a +2 lajatang of venom
Armour
 a - a +0 robe (worn)
 g - a +2 pair of boots
 r - a +1 ring mail of fire resistance
 A - a +0 pair of boots (worn)
Magical Staves
 N - an uncursed staff of conjuration (weapon)
Jewellery
 n - a ring of protection from magic (left hand)
 y - an amulet of regeneration (around neck)
 M - a ring of protection from fire (right hand)
Wands
 K - a wand of iceblast (5/15)
Scrolls
 h - 9 scrolls of identify
 k - a scroll of teleportation {unknown}
 m - 2 scrolls of enchant armour
 o - 4 scrolls of amnesia {unknown}
 q - 6 scrolls of remove curse
 x - 2 scrolls of magic mapping {unknown}
 C - a scroll of blinking {unknown}
 J - a scroll of immolation {unknown}
 L - a scroll of recharging {unknown}
Potions
 d - 4 potions of invisibility {unknown}
 e - a potion of cure mutation {unknown}
 i - a potion of agility {unknown}
 j - 2 potions of degeneration {unknown}
 l - 6 potions of curing {unknown}
 p - 3 potions of heal wounds {unknown}
 s - a potion of brilliance {unknown}
 t - a potion of lignification {unknown}
 w - a potion of beneficial mutation {unknown}
 z - a potion of mutation {unknown}
 B - 2 potions of might {unknown}
 D - a potion of flight {unknown}
 E - a potion of magic {unknown}
 G - a potion of ambrosia {unknown}
Books
 b - a book of Conjurations

   Spells                             Type                      Level
   a - Magic Dart                     Conjuration                  1
   b - Searing Ray                    Conjuration                  2
   c - Dazzling Spray                 Conjuration/Hexes            3
   d - Fulminant Prism                Conjuration/Hexes            4
   e - Iskenderun's Mystic Blast      Conjuration                  4
   f - Iskenderun's Battlesphere      Conjuration/Charms           5
 F - a book of Flames

   Spells                             Type                      Level
   a - Flame Tongue                   Conjuration/Fire             1
   b - Throw Flame                    Conjuration/Fire             2
   c - Conjure Flame                  Conjuration/Fire             3
   d - Inner Flame                    Hexes/Fire                   3
   e - Sticky Flame                   Conjuration/Fire             4
   f - Fireball                       Conjuration/Fire             5
Comestibles
 c - 5 bread rations
 u - 4 meat rations


   Skills:
 - Level 2.4 Dodging
 - Level 2.4 Stealth
 * Level 10.0 Spellcasting
 * Level 9.3 Conjurations
 + Level 5.8 Charms


You had 17 spell levels left.
You knew the following spells:

 Your Spells              Type           Power        Failure   Level  Hunger
a - Magic Dart            Conj           ####         1%          1    None
b - Iskenderun's Battles  Conj/Chrm      ######..     10%         5    ####...
c - Iskenderun's Mystic   Conj           ######..     1%          4    #......


Dungeon Overview and Level Annotations

Branches:
Dungeon (7/15)             Temple (1/1) D:5

Altars:
Ashenzari
Cheibriados
Dithmenos
Elyvilon
Gozag
Hepliaklqana
Kikubaaqudgha
Makhleb
Nemelex Xobeh
Okawaru
Qazlal
Ru
Sif Muna
Trog
Vehumet
Yredelemnul
Zin
The Shining One

Shops:
D:7 :


Message History

You are more poisoned.
The adder poisons you! The adder misses you.
The efreet hits your battlesphere with a scimitar of flaming!!
Your battlesphere is destroyed!
An ice beast and a centaur warrior come into view.
As you read the scroll labeled UVAAK OLLISOCI, it crumbles to dust.
It is a scroll of identify.
m - 2 scrolls of enchant armour You feel sick.
The adder bites you but does no damage. The bullfrog barely misses you.
The adder bites you but does no damage. The adder bites you.
* * * LOW HITPOINT WARNING * * *
As you read the scroll labeled JAJ BIEZXITUI, it crumbles to dust.
You feel blessed for a moment.
It was a scroll of remove curse.
You feel sick. The bullfrog barely misses you. The adder bites you.
* * * LOW HITPOINT WARNING * * *
The adder bites you.
* * * LOW HITPOINT WARNING * * *
The bullfrog hits you.
You die...

##§#####..###########
+.R#...#..#
#..'...#Y.# #...#..#
#..§..c# #..†#§Y#
+...#§e# #...#RF#
#####S@# #S.# ....#
......# ########


You could see a centaur warrior, a deep elf mage, an efreet, 2 ice beasts, a
bullfrog and 2 adders.

Vanquished Creatures
  Sigmund (D:2)
  Duvessa (D:5)
  An ice beast (D:5)
  2 sky beasts
  A phantom (D:5)
  An ogre (D:4)
  A bullfrog (D:6)
  Dowan (D:5)
  A scorpion (D:6)
  3 howler monkeys
  A crimson imp (D:5)
  A jelly (D:7)
  4 orc priests (D:4)
  4 orc wizards
  2 centaur skeletons
  4 worker ants
  A hound skeleton (D:4)
  A worker ant zombie (D:3)
  2 gnolls (D:1)
  10 adders
  A shadow imp (D:7)
  2 adder skeletons
  2 worms
  6 dart slugs
  4 leopard geckos
  18 orcs
  12 bats
  6 giant cockroaches
  8 hobgoblins
  14 jackals
  5 kobolds
  4 quokkas
  2 ball pythons
  5 frilled lizards
  17 goblins
  A leopard gecko skeleton (D:4)
  11 rats
  A spectral orc (D:6)
162 creatures vanquished.

Vanquished Creatures (others)
  A quokka (D:4)
  A quokka skeleton (D:4)
2 creatures vanquished.

Grand Total: 164 creatures vanquished

Notes
Turn   | Place    | Note
-------+----------+-------------------------------------------
     0 | D:1      | lorenzova the Deep Elf Conjurer began the quest for the Orb.
     0 | D:1      | Reached XP level 1. HP: 10/10 MP: 6/6
   333 | D:1      | Reached XP level 2. HP: 15/15 MP: 4/8
   438 | D:1      | Reached skill level 5 in Conjurations
   609 | D:1      | Reached XP level 3. HP: 6/19 MP: 1/10
   883 | D:1      | Reached skill level 4 in Spellcasting
  1668 | D:2      | Reached XP level 4. HP: 24/24 MP: 9/12
  1695 | D:2      | Learned a level 4 spell: Iskenderun's Mystic Blast
  2080 | D:2      | Reached skill level 5 in Spellcasting
  2404 | D:2      | Noticed Sigmund
  2408 | D:2      | Killed Sigmund
  2408 | D:2      | Reached skill level 6 in Spellcasting
  2408 | D:2      | Reached XP level 5. HP: 21/28 MP: 0/15
  2408 | D:2      | Reached XP level 6. HP: 24/32 MP: 0/17
  2612 | D:2      | Learned a level 5 spell: Iskenderun's Battlesphere
  3155 | D:3      | Found a glowing silver altar of Zin.
  3252 | D:3      | Found a shattered altar of Ashenzari.
  3255 | D:3      | Found a stormy altar of Qazlal.
  3258 | D:3      | Found a sacrificial altar of Ru.
  3684 | D:3      | Reached skill level 1 in Charms
  4460 | D:4      | Reached skill level 7 in Spellcasting
  4702 | D:4      | Reached XP level 7. HP: 36/36 MP: 13/19
  5121 | D:4      | Found a white marble altar of Elyvilon.
  6252 | D:5      | Entered Level 5 of the Dungeon
  6252 | D:5      | Noticed Duvessa
  6254 | D:5      | Noticed Dowan
  6256 | D:5      | Killed Duvessa
  6256 | D:5      | Reached skill level 8 in Spellcasting
  6468 | D:5      | Reached XP level 8. HP: 20/41 MP: 9/22
  6971 | D:4      | Reached skill level 9 in Spellcasting
  7099 | D:5      | Killed Dowan
  7141 | D:5      | Found a sparkling altar of Nemelex Xobeh.
  7153 | D:5      | Found an iron altar of Okawaru.
  7173 | D:5      | Reached skill level 5 in Charms
  7328 | D:5      | Found a staircase to the Ecumenical Temple.
  7476 | Temple   | Entered the Ecumenical Temple
  7630 | Temple   | Became a worshipper of Vehumet
  8159 | D:6      | Found a basalt altar of Yredelemnul.
  8810 | D:7      | Found Liwat's Book Shop.
  8877 | D:7      | Noticed an efreet
  8881 | D:7      | Reached skill level 10 in Spellcasting
  8885 | D:7      | Noticed a deep elf mage
  8888 | D:7      | Noticed a centaur warrior
  8889 | D:7      | HP: 2/41 [adder (2)]
  8889 | D:7      | Slain by a bullfrog

Skill      XL: |  1  2  3  4  5  6  7  8 |
---------------+-------------------------+-----
Conjurations   | 5 6 7 8 9 |  9.3
Spellcasting   | 4 6 7 8 10 | 10.0
Charms         | 2 4 5 |  5.8
Dodging        | |  2.4
Stealth        | |  2.4

Action                   |  1- 3 |  4- 6 |  7- 9 || total
-------------------------+-------+-------+-------++-------
Melee: Unarmed           |     5 |       |       ||     5
       Mace              |     4 |     4 |       ||     8
       Short sword       |       |     7 |     2 ||     9
       Lajatang          |       |       |     6 ||     6
       Staff             |       |       |     1 ||     1
 Cast: Magic Dart        |    75 |   146 |   162 ||   383
       Iskenderun's Myst |       |     8 |    20 ||    28
       Iskenderun's Batt |       |       |     9 ||     9
  Use: Scroll            |       |       |     2 ||     2
 Stab: Sleeping          |       |     2 |       ||     2
  Eat: Chunk             |     1 |    11 |    13 ||    25
       Fruit             |       |       |     3 ||     3
Armor: Robe              |     8 |     5 |    13 ||    26
Dodge: Dodged            |    12 |    24 |    31 ||    67
